 Dungeon Crawl Stone Soup version 0.31.0-9-g3a7656b989 (webtiles) character file.

Game seed: 15984710057361131138

570 Kenran the Chopper (level 7, -2/41 HPs)
             Began as a Gargoyle Fighter on Jan 28, 2024.
             Killed from afar by Dowan (22 damage)
             ... with a shard of ice
             ... on level 4 of the Dungeon.
             The game lasted 00:05:24 (3448 turns).

Kenran the Chopper (Gargoyle Fighter)               Turns: 3448, Time: 00:05:25

Health: -2/41      AC: 15    Str: 21    XL:     7   Next: 34%
Magic:  7/7        EV:  9    Int:  9    God:
Gold:   235        SH:  4    Dex:  9    Spells: 6/6 levels left

rFire   . . .        a - +0 war axe
rCold   . . .        c - +0 buckler
rNeg    + . .        b - +0 scale mail
rPois   ∞            (no helmet)
rElec   +            m - +0 cloak
rCorr   .            s - +2 pair of gloves {hurl}
SInv    .            (no boots)
Will    .....        (no amulet) Stlth
                     (no ring)
HPRegen 0.26/turn    (no ring)
MPRegen 0.10/turn

%: no passive effects
@: mighty
A: sickness immunity, AC +4, negative energy resistance 1, electricity
resistance, torment resistance 1, petrification resistance
a: no special abilities


You were on level 4 of the Dungeon.
You visited 1 branch of the dungeon, and saw 4 of its levels.

You collected 235 gold pieces.

Inventory:

Hand Weapons
 a - a +0 war axe (weapon)
Armour
 b - a +0 scale mail (worn)
 c - a +0 buckler (worn)
 m - a +0 cloak (worn)
 s - a +2 pair of gloves of hurling (worn)
Jewellery
 f - a ring of ice
 u - a ring of positive energy
Scrolls
 e - a scroll of fog {unknown}
 g - a scroll of vulnerability {unknown}
 i - a scroll of noise {unknown}
 l - a scroll of torment {unknown}
 o - 3 scrolls of identify {unknown}
 t - a scroll of teleportation {unknown}
Potions
 h - 2 potions of degeneration {unknown}
 j - a potion of lignification {unknown}
 k - 2 potions of ambrosia {unknown}
 n - a potion of mutation {unknown}
 p - a potion of brilliance {unknown}
 q - a potion of curing {unknown}
 r - a potion of invisibility {unknown}
 v - a potion of berserk rage {unknown}


   Skills:
 - Level 3.2 Fighting
 + Level 7.2 Axes
 - Level 3.2 Armour
 - Level 3.2 Shields


You had 6 spell levels left.
You didn't know any spells.
Your spell library contained the following spells:

 Spells                   Type           Power      Damage    Failure   Level
 Slow                     Hex            0%         N/A       80%         1
 Confusing Touch          Hex            0%         N/A       99%         3
 Sigil of Binding         Hex            0%         N/A       99%         3
 Vampiric Draining        Necr           0%         2d6       99%         3


Dungeon Overview and Level Annotations

Branches:
Dungeon (4/15)
 Temple: D:4-7

Altars:
Dithmenos
Kikubaaqudgha
Sif Muna

Annotations:
D:3 exclusion: downstairs
D:4 1 runed translucent door, Crazy Yiuf, Dowan, Pikel


Innate Abilities, Weirdness & Mutations

You are immune to sickness and miasma.
Your stone body is resilient. (AC +4)
You are immune to poison.
You resist negative energy. (rN+)
You are resistant to electric shocks. (rElec)
You are resistant to unholy torment.
You are immune to petrification.


Message History

Duvessa is lightly wounded.
Duvessa barely misses you.
You closely miss Duvessa.
Duvessa is lightly wounded.
You block Duvessa's attack.
Duvessa says, "When magic and the sword combine, nothing stands against them."
Duvessa hits you but does no damage.
You slash Duvessa!
Duvessa is heavily wounded.
Duvessa hits you with a +0 short sword.
Dowan points at you and mumbles some strange words.
You resist with some effort.
You slash Duvessa!
Duvessa is severely wounded.
Duvessa hits you but does no damage.
Dowan says, "Magic and the sword, together, will defeat you."
Duvessa hits you but does no damage.
You slash Duvessa!
You kill Duvessa!
Dowan screams, "No!
No!"
Dowan seems to find hidden reserves of power!
You slash Dowan! Dowan casts a spell at you. The shard of ice hits you!
Dowan shakes with grief.
Dowan hits you but does no damage.
Your Axes skill increases to level 7!
You closely miss Dowan.
Dowan is moderately wounded.
Dowan hits you but does no damage.
Dowan gestures wildly while chanting.
Dowan blinks!
Dowan casts a spell.
Dowan blinks!
Dowan points at you and mumbles some strange words.
The stone arrow hits you. Dowan casts a spell at you.
The shard of ice hits you!!
Ouch! That really hurt!
You die...

......[#..'.........#
.......####.........#
...##'###############
...#.........#.....#
...#.........#)....#
...#....«....#.....#
...#.........#.....#
..(#.........#..e..#
...#.##(###'## #@.§#
.###.##.###.####...#
.#...>.............#
.#.................#
.#..............)..#
##..###..###..##...#
##K.############...#
#..........#.......#
#..........#.......#


You could see Dowan (fast).

Vanquished Creatures
  Menkaure (D:4)
  Duvessa (D:4)
  4 lemures
  A scorpion (D:4)
  A bombardier beetle (D:3)
  A hound (D:4)
  An orc priest (D:4)
  An orc wizard (D:4)
  4 gnolls (D:2)
  5 adders
  3 dart slugs
  A ribbon worm (D:3)
  10 orcs
  7 ball pythons
  2 bats
  6 endoplasms
  5 giant cockroaches
  5 goblins
  5 hobgoblins
  3 jackals (D:1)
  4 quokkas
  2 frilled lizards (D:1)
  3 kobolds
  8 rats
84 creatures vanquished.

Notes
Turn   | Place    | Note
-------+----------+-------------------------------------------
     0 | D:1      | Kenran the Gargoyle Fighter began the quest for the Orb.
     0 | D:1      | Reached XP level 1. HP: 14/14 MP: 1/1
    65 | D:1      | Reached skill level 2 in Axes
   116 | D:1      | Reached XP level 2. HP: 18/19 MP: 2/2
   391 | D:1      | Reached skill level 3 in Axes
   539 | D:1      | Reached XP level 3. HP: 23/23 MP: 3/3
  1224 | D:2      | Reached XP level 4. HP: 25/28 MP: 4/4
  1225 | D:2      | Reached skill level 4 in Axes
  1969 | D:3      | Reached XP level 5. HP: 32/32 MP: 5/5
  2035 | D:3      | Found an ancient bone altar of Kikubaaqudgha.
  2084 | D:3      | Found a shimmering blue altar of Sif Muna.
  2110 | D:3      | Reached skill level 5 in Axes
  2125 | D:3      | Found a shadowy altar of Dithmenos.
  2329 | D:4      | Noticed Pikel
  2329 | D:4      | Noticed a lemure
  2329 | D:4      | Noticed a lemure
  2329 | D:4      | Noticed a lemure
  2329 | D:4      | Noticed a lemure
  2486 | D:4      | Reached XP level 6. HP: 34/37 MP: 6/6
  2774 | D:4      | Noticed a yak
  2774 | D:4      | Noticed a yak
  2839 | D:4      | Reached skill level 6 in Axes
  2886 | D:4      | Found a runed translucent door.
  2887 | D:4      | Noticed Crazy Yiuf
  2961 | D:4      | Noticed Menkaure
  2971 | D:4      | Killed Menkaure
  2972 | D:4      | Reached XP level 7. HP: 12/41 MP: 7/7
  3432 | D:4      | Noticed Duvessa
  3432 | D:4      | Noticed Dowan
  3443 | D:4      | Killed Duvessa
  3444 | D:4      | Reached skill level 7 in Axes
  3448 | D:4      | Killed from afar by Dowan

Illustrated notes

Levels and vault maps discovered:
D:1:      lightli_arrival_lavapool, layout_basic
D:2:      minmay_alternating_diamond, layout_loops_ring, minmay_tetromino_s2
D:3:      layout_basic, grunt_dithmenos_smoke_and_mirrors,
          mainiacjoe_overflow_six_doors_small, nicolae_sif_muna_condensation
D:4:      layout_gridville, uniq_menkaure, uniq_duvessa,
          uniq_crazy_yiuf_cottage, uniq_pikel

Skill      XL: |  1  2  3  4  5  6  7 |
---------------+----------------------+-----
Axes           | 2 3 4 5 6 7 |  7.2
Fighting       | |  3.2
Armour         | |  3.2
Shields        | |  3.2

Action                     |  1- 3 |  4- 6 |  7- 9 || total
---------------------------+-------+-------+-------++-------
  Melee: War axe           |    84 |   159 |    26 ||   269
    Use: Potion            |       |     2 |     1 ||     3
 Armour: Scale mail        |    47 |   112 |    18 ||   177
  Dodge: Dodged            |    44 |    82 |    12 ||   138
  Block: Buckler           |    13 |    33 |     4 ||    50
